 Dungeon Crawl Stone Soup version 0.29.1-1-gd02db6906a (webtiles) character file.

Game seed: 3294380276905172657

576 Aibolit the Trooper (level 7, 0/62 HPs)
             Began as a Hill Orc Fighter on Oct 5, 2022.
             Slain by an ice beast (2 damage)
             ... on level 5 of the Dungeon.
             The game lasted 00:05:23 (3652 turns).

Aibolit the Trooper (Hill Orc Fighter)              Turns: 3652, Time: 00:05:23

Health: 0/62       AC: 12    Str: 25    XL:     7   Next: 35%
Magic:  7/7        EV:  9    Int:  7    God:
Gold:   167        SH:  5    Dex: 15    Spells: 6/6 levels left

rFire   + . .      SeeInvis .   a - +0 war axe
rCold   x . .      Faith    +   c - +0 buckler
rNeg    . . .      Spirit   .   b - +0 scale mail
rPois   .          Reflect  .   h - +2 hat
rElec   .          Harm     .   (no cloak)
rCorr   .          Rampage  .   (no gloves)
Will    .....                   g - +1 pair of boots
Stlth   ..........              l - amulet of faith
HPRegen 0.20/turn               e - +6 ring of dexterity
MPRegen 0.10/turn               f - ring of fire

@: mighty
A: shaggy fur 1, strong 1
a: no special abilities


You were on level 5 of the Dungeon.
You visited 1 branch of the dungeon, and saw 5 of its levels.

You collected 167 gold pieces.

Inventory:

Hand Weapons
 a - a +0 war axe (weapon)
Armour
 b - a +0 scale mail (worn)
 c - a +0 buckler (worn)
 g - a +1 pair of boots (worn)
 h - a +2 hat (worn)
Jewellery
 e - a +6 ring of dexterity (left hand)
 f - a ring of fire (right hand)
 l - an amulet of faith (around neck)
Wands
 k - a wand of digging (9)
 n - a wand of iceblast (7)
Scrolls
 j - a scroll of magic mapping


   Skills:
 + Level 5.8 Fighting
 + Level 5.6 Axes
 + Level 5.3 Armour
 + Level 5.2 Shields


You had 6 spell levels left.
You didn't know any spells.
Your spell library contained the following spells:

 Spells                   Type           Power      Damage    Failure   Level
 Shock                    Conj/Air       0%         1d3       80%         1
 Swiftness                Air            0%         N/A       99%         3
 Airstrike                Air            0%         2d(0-16)  100%        4


Dungeon Overview and Level Annotations

Branches:
Dungeon (5/15)
 Temple: D:4-7

Altars:
Dithmenos
Fedhas
Okawaru


Innate Abilities, Weirdness & Mutations

You are covered in fur. (AC +1)
Your muscles are strong. (Str +4, Int/Dex -1)


Message History

You hit the ogre but do no damage.
The ogre is lightly wounded.
You barely miss the ice beast. The ice beast hits you.
The ice beast freezes you!
You feel a terrible chill! You block the ogre's attack.
The ice beast hits you but does no damage.
You are too injured to fight recklessly!
You are too injured to fight recklessly!
You feel very mighty all of a sudden.
The ice beast hits you but does no damage.
You are too injured to fight recklessly!
You are too injured to fight recklessly!
You are too injured to fight recklessly!
You slash the ogre!
The ogre is heavily wounded.
You slash the ice beast! The ogre hits you with a +0 giant club!
* * * LOW HITPOINT WARNING * * *
The ice beast misses you.
You slash the ogre!
The ogre is severely wounded.
You slash the ice beast! The ice beast barely misses you.
The ogre barely misses you.
You hit the ogre.
The ogre is almost dead.
You closely miss the ice beast. You block the ice beast's attack.
The ogre misses you.
You slash the ogre!
You kill the ogre!
You barely miss the ice beast. The ice beast hits you.
* * * LOW HITPOINT WARNING * * *
The ice beast freezes you!
You feel a terrible chill!
* * * LOW HITPOINT WARNING * * *
The ice beast hits you but does no damage.
You closely miss the ice beast.
The ice beast is severely wounded.
You block the ice beast's attack.
You hit the ice beast.
The ice beast is almost dead.
The ice beast hits you.
You die...

....## ### $....
..# . ...### #.#
..## #..#.# #.#
...#..#.####.#
#.#..#...##<#
#...........##
..##.#..###.##..#
.......@........#
_..≈≈≈≈)Y####...#
...............##
............####
..............
.###.#..###.###
...... ># ......#
#


You could see an ice beast.

Vanquished Creatures
  An ogre (D:5)
  A centaur (D:4)
  A phantom (D:4)
  A vampire bat (D:4)
  2 hounds
  An orc priest (D:4)
  5 adders
  A worm (D:2)
  3 fire bats (D:4)
  3 orcs
  2 spectral bats (D:4)
  8 ball pythons
  A bat simulacrum (D:4)
  3 bat skeletons (D:4)
  A bat zombie (D:4)
  7 endoplasms
  11 giant cockroaches
  8 goblins
  2 hobgoblins
  3 jackals (D:1)
  4 kobolds
  A quokka (D:3)
  12 bats
  2 frilled lizards
  6 rats
90 creatures vanquished.

Notes
Turn   | Place    | Note
-------+----------+-------------------------------------------
     0 | D:1      | Aibolit the Hill Orc Fighter began the quest for the Orb.
     0 | D:1      | Reached XP level 1. HP: 19/19 MP: 1/1
     2 | D:1      | Found a runed translucent door.
   263 | D:1      | You fall into a shaft and drop 1 floor!
   308 | D:2      | Reached XP level 2. HP: 17/27 MP: 2/2
   760 | D:2      | Reached XP level 3. HP: 33/33 MP: 3/3
  1256 | D:1      | Gained mutation: You are covered in fur. (AC +1) [potion of
                  | mutation]
  1256 | D:1      | Gained mutation: Your muscles are strong. (Str +4, Int/Dex
                  | -1) [potion of mutation]
  1508 | D:3      | Reached XP level 4. HP: 27/40 MP: 4/4
  2326 | D:4      | Found a glowing drain.
  2442 | D:4      | Found a shadowy altar of Dithmenos.
  2641 | D:4      | Noticed a phantom
  2648 | D:4      | Found a blossoming altar of Fedhas.
  2651 | D:4      | Killed a phantom
  2652 | D:4      | Reached XP level 5. HP: 43/47 MP: 5/5
  2710 | D:4      | Reached skill level 5 in Fighting
  2975 | D:4      | Reached XP level 6. HP: 56/56 MP: 6/6
  3080 | D:4      | Reached skill level 5 in Axes
  3167 | D:4      | Reached skill level 5 in Armour
  3167 | D:4      | Reached skill level 5 in Shields
  3540 | D:4      | Reached XP level 7. HP: 57/61 MP: 7/7
  3622 | D:5      | Entered Level 5 of the Dungeon
  3635 | D:5      | Found an iron altar of Okawaru.
  3650 | D:5      | HP: 1/61 [ice beast (10)]
  3652 | D:5      | Slain by an ice beast

Illustrated notes

Levels and vault maps discovered:
D:1:      dpeg_arrival_caged_fury, layout_loops_ring
D:2:      layout_basic
D:3:      layout_basic
D:4:      layout_basic, mainiacjoe_overflow_catwalk,
          nicolae_dithmenos_the_darkroom, gup_sewer_entry_glass,
          nicolae_concentric_dashed_squares_mild, goddamned_bats
D:5:      layout_basic, mainiacjoe_overflow_boulevard, nicolae_ru_path_of_blood,
          mainiacjoe_overflow_alcove_1,
          mainiacjoe_overflow_concentric_impassable, minmay_temple_entry_fiery,
          minmay_manual_macuahuitl

Skill      XL: |  1  2  3  4  5  6 |
---------------+-------------------+-----
Axes           | 3 4 5 |  5.6
Fighting       | 4 5 |  5.8
Armour         | 4 5 |  5.3
Shields        | 4 5 |  5.2

Action                   |  1- 3 |  4- 6 |  7- 9 || total
-------------------------+-------+-------+-------++-------
Melee: War axe           |   107 |   106 |    20 ||   233
  Use: Scroll            |     5 |     5 |       ||    10
       Potion            |     2 |       |     1 ||     3
Armor: Scale mail        |    67 |   106 |    16 ||   189
Dodge: Dodged            |    62 |    96 |    12 ||   170
Block: Buckler           |    28 |    44 |     6 ||    78
